 Dungeon Crawl Stone Soup version 0.30-a0-377-g5cb311bc9f (webtiles) character file.

Game seed: 5662683179990182317

23 sanka the Digger (level 2, 0/11 HPs)
             Began as a Felid Earth Elementalist on Nov 30, 2022.
             Slain by an adder (2 damage)
             ... on level 2 of the Dungeon.
             The game lasted 00:01:39 (932 turns).

sanka the Digger (Felid Earth Elementalist)          Turns: 932, Time: 00:01:40

Health: 0/11       AC:  1    Str:  4    XL:     2   Next: 72%
Magic:  1/5        EV: 17    Int: 14    God:
Gold:   74         SH:  0    Dex: 16    Spells: 2/5 levels left
                                        Lives:  0   Deaths: 0

rFire   . . .      SeeInvis +    (weapon unavailable)
rCold   . . .      Faith    .    (shield unavailable)
rNeg    . . .      Spirit   .    (body armour unavailable)
rPois   .          Reflect  .    (helmet unavailable)
rElec   .          Harm     .    (cloak unavailable)
rCorr   .          Rampage  .    (gloves unavailable)
Will    .....                    (boots unavailable)
Stlth   ++........               (no amulet)
HPRegen 0.21/turn                (no ring)
MPRegen 0.09/turn                (no ring)

@: lethally poisoned (0 -> -3), quick
A: very small, claws 1, fangs 3, see invisible, speed 1, shaggy fur 1, stealthy
paws, no weapons or thrown items, no armour, multi-lived, horns 1, dopey 1, low
MP 1
a: no special abilities


You were on level 2 of the Dungeon.
You visited 1 branch of the dungeon, and saw 2 of its levels.

You collected 74 gold pieces.


Innate Abilities, Weirdness & Mutations

You have sharp claws.
You have razor-sharp teeth.
You have supernaturally acute eyesight. (SInv)
You cover ground quickly. (Speed+)
You are covered in fur. (AC +1)
Your paws help you pounce on unaware monsters.
You are incapable of wielding weapons or throwing items.
You cannot wear armour.
You gain extra lives every three experience levels.
You have a pair of small horns on your head.
You are dopey. (Int -2)
Your magical capacity is low. (-10% MP)


   Skills:
 - Level 2.6 Dodging
 - Level 2.6 Stealth
 - Level 2.0 Spellcasting
 + Level 2.3 Transmutations
 + Level 3.2 Earth Magic


You had 2 spell levels left.
You knew the following spells:

 Your Spells              Type           Power      Damage    Failure   Level
z - Sandblast             Erth           20%        2d7       6%          1
N - Passwall              Tmut/Erth      7%         N/A       12%         2

Your spell library contained the following spells:

 Spells                   Type           Power      Damage    Failure   Level
 Stone Arrow              Conj/Erth      10%        3d7       36%         3
 Petrify                  Tmut/Erth      9%         N/A       58%         4

Inventory:

Scrolls
 d - a scroll of identify {unknown}
 e - a scroll of amnesia {unknown}
 f - a scroll of fear {unknown}
 g - a scroll of immolation {unknown}
 h - a scroll of enchant armour {unknown}
 j - a scroll of enchant weapon {unknown}
Potions
 a - a potion of magic
 c - a potion of haste {unknown}
 i - a potion of might {unknown}

Dungeon Overview and Level Annotations

Branches:
Dungeon (2/15)

Altars:

Shops:
D:1

* ▒▒▒ ▒▒▒▒.▒▒▒▒....
▒.▒▒▒▒▒▒▒▒▒▒▒▒..........▒.
...▒▒▒........▒▒...▒▒▒.▒▒.....
.....▒▒▒▒▒▒▒............[.....
......▒ ▒▒..▒▒▒▒▒...[.....▒
⌠...... ▒▒..▒▒▒▒..........
....[..▒▒ ▒.....▒.........▒
B:......▒ ▒▒▒▒.▒▒▒...........▒
.⌠£.....▒▒▒.Sh.▒ ▒▒▒.....<...▒
J.b.....▒...▒▒▒▒ ▒.........▒
........'.▒▒▒ ▒.....▒▒▒▒▒
..⌠£....▒.▒ ▒▒▒▒▒▒▒
........▒.▒ .......▒▒.▒
......▒ ▒.▒ ▒▒▒+▒▒ ▒.▒ ..▒


You could see an adder.


Message History

The blast of sand misses the adder.
The blast of sand hits the bat!
You kill the bat!
The adder misses you. The adder misses you.
The blast of sand misses the adder.
The adder completely misses you. The adder misses you.
The blast of sand misses the adder.
The adder barely misses you. The adder bites you.
You are poisoned.
The adder poisons you!
Your magical contamination has completely faded away.
The blast of sand misses the adder.
You feel sick. The adder barely misses you. The adder bites you.
* * * LOW HITPOINT WARNING * * *
Unknown command.
Unknown command.
It was a potion of mutation.
You feel extremely strange.
You feel less energetic. A pair of horns grows on your head!
You feel stupid.
* * * LOW HITPOINT WARNING * * *
You feel sick. The adder bites you.
You die...

Action                   || total
-------------------------++-------
 Cast: Sandblast         ||    39
  Use: Potion            ||     1
Armor: Skin              ||     1
Dodge: Dodged            ||    20

Levels and vault maps discovered:
D:1:      erik_arrival_cave_to_civilisation [erik_arrival_cave_to_hall],
          layout_rooms, serial_shops, shop, ebering_ecumenical_altar_ruins
D:2:      layout_rooms, kennysheep_potato

Notes
Turn   | Place    | Note
-------+----------+-------------------------------------------
     0 | D:1      | sanka the Felid Earth Elementalist began the quest for the
                  | Orb.
     0 | D:1      | Reached XP level 1. HP: 7/7 MP: 4/4
   143 | D:1      | Found a faded altar of an unknown god.
   146 | D:1      | Found Giuton's Assorted Antiques.
   220 | D:1      | Reached skill level 3 in Earth Magic
   239 | D:1      | Reached XP level 2. HP: 11/11 MP: 4/6
   444 | D:1      | Reached skill level 2 in Transmutations
   717 | D:2      | Learned a level 2 spell: Passwall
   932 | D:2      | Gained mutation: Your magical capacity is low. (-10% MP)
                  | [potion of mutation]
   932 | D:2      | Gained mutation: You have a pair of small horns on your
                  | head. [potion of mutation]
   932 | D:2      | Gained mutation: You are dopey. (Int -2) [potion of
                  | mutation]
   932 | D:2      | Slain by an adder

Vanquished Creatures
  4 bats
  2 endoplasms (D:1)
  A goblin (D:2)
  2 hobgoblins
  3 quokkas
  3 ball pythons
  2 frilled lizards (D:1)
  2 kobolds (D:1)
  3 rats (D:1)
22 creatures vanquished.
